Map: Heavy Artillery LE

Players

Nigrnog - Winner!

  • Race: Zerg Zerg
  • League: Silver
  • Spawn Location: 7:00

MooEsqoo - Winner!

  • Race: Zerg Zerg
  • Spawn Location: 7:00

TimeLord

  • Race: Protoss Protoss
  • League: Bronze
  • Spawn Location: 3:00

BouFFaNTCRiB

  • Race: Protoss Protoss
  • Spawn Location: 1:00

VOD

Have the link to the VOD?

Description

Time

  • Played on: Dec. 21, 2019, 11:12 a.m.
  • Length: 4:17
Show
View Real Time Build Order
Export as new Build Order

Nigrnog Zerg - Winner!

Build Orders: Pool First 

Get SALT Encoding   

  12  0:02  Drone  
  13  0:13  Overlord  
  13  0:20  Drone  
  14  0:34  Drone x2  
  16  0:44  Drone  
  16  0:47  Drone  
  18  0:50  Extractor  
  18  0:55  Spawning Pool  
  16  0:58  Drone  
  17  1:07  Drone  
  18  1:26  Drone  
  18  1:28  Hatchery  
  18  1:30  Drone  
  19  1:40  Drone  
  19  1:44  Queen  
  22  1:52  Overlord  
  22  2:01  Evolution Chamber  
  21  2:02  Zergling x2  
  22  2:09  Extractor  
  21  2:17  Metabolic Boost  
  21  2:21  Zergling x2  
  22  2:24  Drone  
  23  2:43  Drone  
  24  2:47  Queen  
  26  2:55  Drone  
  27  3:00  Zergling x8  
  27  3:01  Zergling x2  
  32  3:10  Zergling x2  
  33  3:13  Zergling x2  
  34  3:22  Queen  
  36  3:27  Overlord x2  
  35  3:52  Zergling x8  
Show
View Real Time Build Order
Export as new Build Order

MooEsqoo Zerg - Winner!

Build Orders: Hatch First 

Get SALT Encoding   

  12  0:03  Drone  
  13  0:13  Overlord  
  13  0:17  Drone  
  14  0:31  Drone x2  
  16  0:41  Drone  
  17  0:53  Drone  
  18  1:08  Drone  
  19  1:12  Hatchery  
  19  1:18  Extractor  
  17  1:19  Spawning Pool  
  17  1:24  Drone x2  
  18  1:31  Drone  
  19  1:42  Overlord  
  19  1:59  Drone  
  20  2:07  Zergling x2  
  21  2:14  Queen  
  23  2:18  Zergling x2  
  24  2:28  Drone x2  
  26  2:30  Metabolic Boost  
  26  2:36  Drone x2  
  28  2:55  Drone x2  
  28  2:57  Overlord  
  30  3:00  Drone  
  31  3:10  Drone x2  
  33  3:20  Drone x2  
  35  3:31  Drone x2  
  36  3:56  Zergling x4  
  36  3:57  Zergling x4  
Show
View Real Time Build Order
Export as new Build Order

TimeLord Protoss 

Build Orders:  

Get SALT Encoding   

  12  0:01  Probe (Chrono Boost)  
  13  0:11  Probe (Chrono Boost)  
  14  0:22  Pylon  
  14  0:32  Probe  
  15  0:44  Probe, Gateway  
  16  0:50  Assimilator  
  16  0:56  Probe  
  17  1:19  Gateway  
  17  1:22  Probe (Chrono Boost)  
  19  1:33  Probe (Chrono Boost)  
  19  1:34  Cybernetics Core  
  19  1:38  Probe (Chrono Boost)  
  20  1:41  Pylon  
  20  1:51  Nexus  
  20  2:03  Cybernetics Core, Probe  
  21  2:08  Warp Gate (Chrono Boost)  
  21  2:09  Assimilator  
  21  2:32  Stalker  
  23  2:53  Stalker  
  25  2:58  Nexus  
  25  3:12  Probe (Chrono Boost)  
  26  3:13  Probe (Chrono Boost)  
  27  3:23  Probe (Chrono Boost)  
  27  3:24  Probe (Chrono Boost)  
  29  3:31  Probe (Chrono Boost)  
  29  3:32  Probe (Chrono Boost)  
  31  3:40  Probe  
  28  3:51  Stalker x2  
  28  3:52  Probe  
Show
View Real Time Build Order
Export as new Build Order

BouFFaNTCRiB Protoss 

Build Orders: 1 Gate Expand 

Get SALT Encoding   

  12  0:10  Pylon  
  12  0:23  Assimilator, Probe (Chrono Boost)  
  13  0:34  Gateway  
  13  1:11  Nexus  
  13  1:23  Zealot  
  15  1:43  Cybernetics Core  
  15  2:29  Probe (Chrono Boost)  
  16  2:36  Probe (Chrono Boost)  
  17  2:40  Gateway  
  17  2:48  Probe  
  16  3:00  Probe  
  17  3:12  Probe (Chrono Boost)  
  18  3:19  Zealot  
  20  3:24  Probe (Chrono Boost)  
  21  3:31  Probe (Chrono Boost)  
  22  3:38  Probe  
  23  3:50  Probe  
  29  4:02  Probe  
Tags
 
Add a new tag
Caveats
  • Supply blocks, unpowered buildings, or Contaminate may cause inaccurate times.
  • Supply counts are checked every 10 seconds.